 Dungeon Crawl Stone Soup version 0.21.1-1-g345015f (webtiles) character file.

91 thiefofnight the Sneak (level 4, -3/23 HPs)
             Began as a Spriggan Assassin on Apr 27, 2018.
             Slain by a gnoll
             ... wielding a +0 halberd
              (12 damage)
             ... on level 3 of the Dungeon.
             The game lasted 00:15:56 (2747 turns).

thiefofnight the Sneak (Spriggan Assassin)          Turns: 2747, Time: 00:15:57

Health: -3/23      AC:  3    Str:  7    XL:     4   Next: 34%
Magic:  5/5        EV: 18    Int: 12    God:
Gold:   102        SH:  0    Dex: 18    Spells: 3/3 levels left

rFire    . . .     SeeInvis +   a - +2 dagger
rCold    . . .     Gourm    .   (shield restricted)
rNeg     . . .     Faith    .   c - +0 robe
rPois    .         Spirit   .   (helmet restricted)
rElec    .         Reflect  .   d - +0 cloak
rCorr    .         Harm     .   (gloves unavailable)
MR       .....                  (boots unavailable)
Stlth    ++++......             (no amulet)
HPRegen  0.07/turn              (no ring)
MPRegen  0.09/turn              (no ring)

@: very quick
A: very small, unfitting armour, see invisible, herbivore, speed 3, slow
metabolism 2
a: no special abilities


You were on level 3 of the Dungeon.
You were not hungry.

You visited 1 branch of the dungeon, and saw 3 of its levels.

You collected 102 gold pieces.

Inventory:

Hand Weapons
 a - a +2 dagger (weapon)
 b - a +0 blowgun
 h - a +0 dagger
 l - a +0 short sword
 n - a +0 dagger
 p - a +0 dagger
 r - a +0 short sword
Missiles
 e - 18 poisoned needles
 f - 2 curare-tipped needles
Armour
 c - a +0 robe (worn)
 d - a +0 cloak (worn)
Jewellery
 i - an uncursed amulet of rage
Scrolls
 k - 2 scrolls of magic mapping
 o - a scroll of immolation
Potions
 m - a potion of curing
 q - a potion of resistance {unknown}
Comestibles
 g - 7 rations


   Skills:
 + Level 2.1 Fighting
 + Level 2.9 Short Blades
 + Level 2.6 Throwing
 + Level 2.8 Dodging
 + Level 6.9 Stealth


You had 3 spell levels left.
You didn't know any spells.

Dungeon Overview and Level Annotations

Branches:
Dungeon (3/15)

Altars:
The Shining One


Innate Abilities, Weirdness & Mutations

You are very small and have problems with some larger weapons.
You are too small for most types of armour.
You have supernaturally acute eyesight. (SInv)
You are a herbivore.
You cover ground extremely quickly.
You need consume almost no food.


Message History

The gnoll barely misses you.
You hit the gnoll.
The gnoll is severely wounded.
The gnoll closely misses you. The gnoll barely misses you.
You hit the gnoll.
The gnoll is almost dead.
The gnoll closely misses you.
The gnoll hits you from afar with a halberd.
You barely miss the gnoll.
The gnoll is almost dead.
The gnoll closely misses you.
You hit the gnoll.
The gnoll is almost dead.
The gnoll misses you. The gnoll hits you with a whip.
You hit the gnoll.
You kill the gnoll!
The gnoll barely misses you.
The gnoll hits you from afar with a halberd!
Ouch! That really hurt!
You die...

..............###.##,* *,
......†............#,* *,
.....†..)......##..#,* *,
...............#*,,#,***********,
...........)...#*,**,**,,,,.,,,,,
...............#****,**,,,..,,,,,
........)......# *,,,,,...,,,,,
...............#######*,....,,,,,
###########.....@.g..##.....,,,,,
####### #....)............,,,,,
#.....# #....#####.###.##*,,*,*
#.....# ##+#.#.......#,,,*,,*,*
#.....# #.#.#...#)#.#**,*,,*,*
#.....# #.#.#####.#.# *,*,,*,*
#.....# #.#.#.g.g.#,#**,****,*
#.....# #.#.#.#####,,,,,,>,*,*
#.....######.#.#,******,,,,,,,*,*


You could see a gnoll.

Vanquished Creatures
  2 gnolls
  4 dart slugs
  3 leopard geckos
  An orc (D:3)
  6 bats
  4 giant cockroaches
  8 goblins
  12 hobgoblins
  4 frilled lizards
  6 kobolds
  9 rats
59 creatures vanquished.

Notes
Turn   | Place    | Note
-------+----------+-------------------------------------------
     0 | D:1      | thiefofnight the Spriggan Assassin began the quest for the Orb.
     0 | D:1      | Reached XP level 1. HP: 10/10 MP: 2/2
    37 | D:1      | Reached skill level 6 in Stealth
   161 | D:1      | Reached XP level 2. HP: 14/14 MP: 3/3
   743 | D:1      | Reached XP level 3. HP: 14/18 MP: 4/4
  1135 | D:1      | Found a glowing golden altar of the Shining One.
  2206 | D:2      | Reached XP level 4. HP: 23/23 MP: 5/5
  2747 | D:3      | Slain by a gnoll

Skill      XL: |  1  2  3 |
---------------+----------+-----
Stealth        | 6 |  6.9
Dodging        | 2 |  2.8
Fighting       | 2 |  2.1
Short Blades   | |  2.9
Throwing       | |  2.6

Action                   |  1- 3 |  4- 6 || total
-------------------------+-------+-------++-------
Melee: Dagger            |   147 |    50 ||   197
  Use: Scroll            |     4 |     3 ||     7
       Potion            |     3 |       ||     3
 Stab: Sleeping          |    15 |     3 ||    18
       Distracted        |     1 |     1 ||     2
Armor: Robe              |     6 |     1 ||     7
Dodge: Dodged            |   105 |    36 ||   141
